TOP OF THE 1ST |
New Amsterdam Republics batting - Pitching for Northern Virginia Retrievers : RHP Javier Mora
|
Pitching: RHP Javier Mora
|
|
Batting: RHB António Pérez
|
0-0: Ball 1-0: Hit by Pitch
|
Batting: RHB Cory Hansen
|
0-0: Called Strike 0-1: Swinging Strike 0-2: Foul Ball, location: 2F 0-2: 2-RUN HOME RUN (Flyball, 78XD), Distance : 430 ft
|
Batting: LHB Félix López
|
0-0: Ground out 4-3 (Groundball, 4)
|
Batting: RHB Júlio Maldonado
|
0-0: Ball 1-0: Foul Ball, location: 2F 1-1: Called Strike 1-2: Ball 2-2: Foul Ball, location: 2F 2-2: Foul Ball, location: 2F 2-2: Strikes out swinging
|
Batting: LHB Steve Ingram
|
0-0: Ball 1-0: SOLO HOME RUN (Flyball, 9LD), Distance : 350 ft
|
Batting: RHB Luis Muńóz
|
0-0: Ball 1-0: Ball 2-0: Ball 3-0: Called Strike 3-1: Reached on error, E4 (Groundball, 34)
|
Batting: RHB Ed Anderson
|
0-0: Ball 1-0: Swinging Strike 1-1: Swinging Strike 1-2: Strikes out swinging
|
Top of the 1st over - 3 run(s), 2 hit(s), 1 error(s), 1 left on base; New Amsterdam 3 - Northern Virginia 0 |
BOTTOM OF THE 1ST |
Northern Virginia Retrievers batting - Pitching for New Amsterdam Republics : LHP Allan Strawson
|
Pitching: LHP Allan Strawson
|
|
Batting: RHB Luis Rodríguez
|
0-0: Ball 1-0: Called Strike 1-1: Ball 2-1: Fly out, F4 (Popup, 4D)
|
Batting: LHB Roberto Salazar
|
0-0: Ball 1-0: Called Strike 1-1: Foul Ball, location: 2F 1-2: Fly out, F8 (Flyball, 8RM)
|
Batting: RHB Bob Heller
|
0-0: Fly out, F3 (Popup, 3F)
|
Bottom of the 1st over - 0 run(s), 0 hit(s), 0 error(s), 0 left on base; New Amsterdam 3 - Northern Virginia 0 |
TOP OF THE 2ND |
New Amsterdam Republics batting - Pitching for Northern Virginia Retrievers : RHP Javier Mora
|
Batting: LHB Eric Ward
|
0-0: Ball 1-0: Called Strike 1-1: Ball 2-1: Foul Ball, location: 2F 2-2: Foul Ball, location: 2F 2-2: Fly out, F7 (Flyball, 7LMF)
|
Batting: RHB Tim Robinson
|
0-0: Called Strike 0-1: Ball 1-1: Ball 2-1: Ball 3-1: Foul Ball, location: 2F 3-2: Fly out, F7 (Flyball, 7M)
|
Batting: RHB António Pérez
|
0-0: Foul Ball, location: 2F 0-1: Ball 1-1: Swinging Strike 1-2: Ball 2-2: Foul Ball, location: 2F 2-2: Foul Ball, location: 2F 2-2: Strikes out swinging
|
Top of the 2nd over - 0 run(s), 0 hit(s), 0 error(s), 0 left on base; New Amsterdam 3 - Northern Virginia 0 |
BOTTOM OF THE 2ND |
Northern Virginia Retrievers batting - Pitching for New Amsterdam Republics : LHP Allan Strawson
|
Batting: RHB Teruo Nakayama
|
0-0: Ball 1-0: Reached on error, E5 (Groundball, 5)
|
Batting: LHB Chad Armstrong
|
0-0: Swinging Strike 0-1: Foul Ball, location: 2F 0-2: Foul Ball, location: 2F 0-2: Ball 1-2: Strikes out swinging
|
Batting: SHB Ramiro Salazar
|
0-0: Called Strike 0-1: Called Strike 0-2: Ball 1-2: Strikes out swinging
|
Batting: RHB Gil Moore
|
0-0: Called Strike 0-1: Called Strike 0-2: Ball 1-2: Strikes out swinging
|
Bottom of the 2nd over - 0 run(s), 0 hit(s), 1 error(s), 1 left on base; New Amsterdam 3 - Northern Virginia 0 |
TOP OF THE 3RD |
New Amsterdam Republics batting - Pitching for Northern Virginia Retrievers : RHP Javier Mora
|
Batting: RHB Cory Hansen
|
0-0: Fly out, F9 (Flyball, 9M)
|
Batting: LHB Félix López
|
0-0: Called Strike 0-1: Called Strike 0-2: Ball 1-2: Strikes out looking
|
Batting: RHB Júlio Maldonado
|
0-0: Ball 1-0: Ball 2-0: Called Strike 2-1: Ball 3-1: Foul Ball, location: 2F 3-2: Ground out 6-3 (Groundball, 6)
|
Top of the 3rd over - 0 run(s), 0 hit(s), 0 error(s), 0 left on base; New Amsterdam 3 - Northern Virginia 0 |
BOTTOM OF THE 3RD |
Northern Virginia Retrievers batting - Pitching for New Amsterdam Republics : LHP Allan Strawson
|
Batting: SHB Gustavo Fuentes
|
0-0: Called Strike 0-1: Ball 1-1: Foul Ball, location: 2F 1-2: SINGLE (Line Drive, 8LS)
|
Batting: RHB Eddie O'Bryan
|
0-0: Called Strike 0-1: Ball 1-1: Foul Ball, location: 2F 1-2: Ball 2-2: Foul Ball, location: 2F 2-2: Fly out, F9 (Popup, 9S)
|
Batting: RHB Luis Rodríguez
|
0-0: Foul Ball, location: 2F 0-1: Called Strike 0-2: Ball 1-2: Ball 2-2: Strikes out swinging
|
Batting: LHB Roberto Salazar
|
0-0: Called Strike 0-1: Ball 1-1: SINGLE (Groundball, 56) Gustavo Fuentes to second
|
Batting: RHB Bob Heller
|
0-0: Called Strike 0-1: Ball 1-1: Ball 2-1: Ball 3-1: Called Strike 3-2: Base on Balls Gustavo Fuentes to third Roberto Salazar to second
|
Batting: RHB Teruo Nakayama
|
0-0: Ball 1-0: Foul Ball, location: 2F 1-1: Ball 2-1: Swinging Strike 2-2: Foul Ball, location: 2F 2-2: Ball 3-2: Ground out 5-3 (Groundball, 56S)
|
Bottom of the 3rd over - 0 run(s), 2 hit(s), 0 error(s), 3 left on base; New Amsterdam 3 - Northern Virginia 0 |
TOP OF THE 4TH |
New Amsterdam Republics batting - Pitching for Northern Virginia Retrievers : RHP Javier Mora
|
Batting: LHB Steve Ingram
|
0-0: Called Strike 0-1: Foul Ball, location: 2F 0-2: Foul Ball, location: 2F 0-2: Strikes out looking
|
Batting: RHB Luis Muńóz
|
0-0: Ball 1-0: Called Strike 1-1: Called Strike 1-2: Strikes out looking
|
Batting: RHB Ed Anderson
|
0-0: Foul Ball, location: 2F 0-1: Ball 1-1: Ball 2-1: DOUBLE (Line Drive, 7D)
|
Batting: LHB Eric Ward
|
0-0: Called Strike 0-1: Foul Ball, location: 2F 0-2: Foul Ball, location: 2F 0-2: Ball 1-2: Ball Wild Pitch! Ed Anderson to third 2-2: Foul Ball, location: 2F 2-2: Ball 3-2: Foul Ball, location: 2F 3-2: Foul Ball, location: 2F 3-2: Fly out, F8 (Flyball, 8RD)
|
Top of the 4th over - 0 run(s), 1 hit(s), 0 error(s), 1 left on base; New Amsterdam 3 - Northern Virginia 0 |
BOTTOM OF THE 4TH |
Northern Virginia Retrievers batting - Pitching for New Amsterdam Republics : LHP Allan Strawson
|
Batting: LHB Chad Armstrong
|
0-0: Called Strike 0-1: Foul Ball, location: 2F 0-2: Ground out 3-1 (Groundball, 3)
|
Batting: SHB Ramiro Salazar
|
0-0: Called Strike 0-1: Foul Ball, location: 2F 0-2: Ball 1-2: Strikes out swinging
|
Batting: RHB Gil Moore
|
0-0: Called Strike 0-1: Ground out 5-3 (Groundball, 6S)
|
Bottom of the 4th over - 0 run(s), 0 hit(s), 0 error(s), 0 left on base; New Amsterdam 3 - Northern Virginia 0 |
TOP OF THE 5TH |
New Amsterdam Republics batting - Pitching for Northern Virginia Retrievers : RHP Javier Mora
|
Batting: RHB Tim Robinson
|
0-0: Foul Ball, location: 2F 0-1: Ball 1-1: Swinging Strike 1-2: Foul Ball, location: 2F 1-2: Ball 2-2: Strikes out swinging
|
Batting: RHB António Pérez
|
0-0: Ball 1-0: Foul Ball, location: 2F 1-1: Ball 2-1: Ball 3-1: Called Strike 3-2: Fly out, F3 (Popup, 13S)
|
Batting: RHB Cory Hansen
|
0-0: Fly out, F9 (Flyball, 9S)
|
Top of the 5th over - 0 run(s), 0 hit(s), 0 error(s), 0 left on base; New Amsterdam 3 - Northern Virginia 0 |
BOTTOM OF THE 5TH |
Northern Virginia Retrievers batting - Pitching for New Amsterdam Republics : LHP Allan Strawson
|
Batting: SHB Gustavo Fuentes
|
0-0: Called Strike 0-1: Foul Ball, location: 2F 0-2: Ball 1-2: Ball 2-2: Foul Ball, location: 2F 2-2: Ball 3-2: Strikes out swinging
|
Batting: RHB Eddie O'Bryan
|
0-0: Ground out 6-3 (Groundball, 6)
|
Batting: RHB Luis Rodríguez
|
0-0: Called Strike 0-1: Ball 1-1: Swinging Strike 1-2: Strikes out swinging
|
Bottom of the 5th over - 0 run(s), 0 hit(s), 0 error(s), 0 left on base; New Amsterdam 3 - Northern Virginia 0 |
TOP OF THE 6TH |
New Amsterdam Republics batting - Pitching for Northern Virginia Retrievers : RHP Javier Mora
|
Batting: LHB Félix López
|
0-0: Ball 1-0: Foul Ball, location: 2F 1-1: DOUBLE (Flyball, 78D)
|
Batting: RHB Júlio Maldonado
|
0-0: Called Strike 0-1: Ball 1-1: Foul Ball, location: 2F 1-2: Ball 2-2: Ball 3-2: Foul Ball, location: 2F 3-2: Fly out, F7 (Flyball, 78M)
|
Pitching: LHP Joe Kehoe
|
|
Batting: LHB Steve Ingram
|
0-0: Swinging Strike 0-1: Ground out 6-3 (Groundball, 6S) Félix López to third
|
Pitching: RHP Brian Wheeler
|
|
Batting: RHB Luis Muńóz
|
0-0: Swinging Strike 0-1: Foul Ball, location: 2F 0-2: Ground out 6-3 (Groundball, 6M)
|
Top of the 6th over - 0 run(s), 1 hit(s), 0 error(s), 1 left on base; New Amsterdam 3 - Northern Virginia 0 |
BOTTOM OF THE 6TH |
Northern Virginia Retrievers batting - Pitching for New Amsterdam Republics : LHP Allan Strawson
|
Batting: LHB Roberto Salazar
|
0-0: Ball 1-0: Foul Ball, location: 2F 1-1: Called Strike 1-2: Strikes out swinging
|
Batting: RHB Bob Heller
|
0-0: Ball 1-0: Foul Ball, location: 2F 1-1: Foul Ball, location: 2F 1-2: Ball 2-2: Ball 3-2: Foul Ball, location: 2F 3-2: Ground out 1-3 (Groundball, 15)
|
Batting: RHB Teruo Nakayama
|
0-0: Called Strike 0-1: Swinging Strike 0-2: Foul Ball, location: 2F 0-2: Foul Ball, location: 2F 0-2: Ball 1-2: SINGLE (Flyball, 89S) - OUT at second base trying to stretch hit.
|
Bottom of the 6th over - 0 run(s), 1 hit(s), 0 error(s), 0 left on base; New Amsterdam 3 - Northern Virginia 0 |
TOP OF THE 7TH |
New Amsterdam Republics batting - Pitching for Northern Virginia Retrievers : RHP Brian Wheeler
|
Pitching: LHP Ilie Paunescu
|
|
Batting: RHB Ed Anderson
|
0-0: Ball 1-0: Foul Ball, location: 2F 1-1: Ball 2-1: Foul Ball, location: 2F 2-2: Strikes out looking
|
Batting: LHB Eric Ward
|
0-0: Swinging Strike 0-1: Foul Ball, location: 2F 0-2: Strikes out swinging
|
Batting: RHB Tim Robinson
|
0-0: Ball 1-0: Ball 2-0: Foul Ball, location: 2F 2-1: Swinging Strike 2-2: Strikes out swinging
|
Top of the 7th over - 0 run(s), 0 hit(s), 0 error(s), 0 left on base; New Amsterdam 3 - Northern Virginia 0 |
BOTTOM OF THE 7TH |
Northern Virginia Retrievers batting - Pitching for New Amsterdam Republics : LHP Allan Strawson
|
Batting: LHB Chad Armstrong
|
0-0: Ball 1-0: Swinging Strike 1-1: Ball 2-1: Called Strike 2-2: Foul Ball, location: 2F 2-2: Foul Ball, location: 2F 2-2: Foul Ball, location: 2F 2-2: Ball 3-2: Ground out 4-3 (Groundball, 34)
|
Batting: SHB Ramiro Salazar
|
0-0: Called Strike 0-1: Ball 1-1: Ball 2-1: Ball 3-1: Base on Balls
|
Batting: RHB Gil Moore
|
0-0: Grounds into double play, 6-4-3 (Groundball, 6M)
|
Bottom of the 7th over - 0 run(s), 0 hit(s), 0 error(s), 0 left on base; New Amsterdam 3 - Northern Virginia 0 |
TOP OF THE 8TH |
New Amsterdam Republics batting - Pitching for Northern Virginia Retrievers : LHP Ilie Paunescu
|
Batting: RHB António Pérez
|
0-0: SINGLE (Groundball, 6MD)
|
Batting: RHB Cory Hansen
|
0-0: Ball 1-0: Sac Bunt - play at first, batter OUT! 1-3 António Pérez to second
|
Batting: LHB Félix López
|
0-0: Ball 1-0: Ball 2-0: Ball 3-0: Called Strike 3-1: Called Strike 3-2: Strikes out swinging
|
Batting: RHB Júlio Maldonado
|
0-0: Swinging Strike 0-1: Called Strike 0-2: Foul Ball, location: 2F 0-2: Ball 1-2: Strikes out swinging
|
Top of the 8th over - 0 run(s), 1 hit(s), 0 error(s), 1 left on base; New Amsterdam 3 - Northern Virginia 0 |
BOTTOM OF THE 8TH |
Northern Virginia Retrievers batting - Pitching for New Amsterdam Republics : LHP Allan Strawson
|
Batting: SHB Gustavo Fuentes
|
0-0: Ball 1-0: Called Strike 1-1: Ball 2-1: Ball 3-1: Called Strike 3-2: Base on Balls
|
Pitching: RHP Ramón Lara
|
|
Batting: RHB Eddie O'Bryan
|
0-0: Foul Ball, location: 2F 0-1: Fly out, F4 (Popup, 4MD)
|
Pitching: RHP Decheng Sun
|
|
Batting: RHB Luis Rodríguez
|
0-0: Ball 1-0: Fly out, F9 (Flyball, 89M)
|
Pitching: RHP Albert Emery
|
|
Batting: LHB Roberto Salazar
|
0-0: Fly out, F8 (Flyball, 8RM)
|
Bottom of the 8th over - 0 run(s), 0 hit(s), 0 error(s), 1 left on base; New Amsterdam 3 - Northern Virginia 0 |
TOP OF THE 9TH |
New Amsterdam Republics batting - Pitching for Northern Virginia Retrievers : LHP Ilie Paunescu
|
Pitching: RHP Woody Cook
|
|
Batting: LHB Steve Ingram
|
0-0: SOLO HOME RUN (Flyball, 9D), Distance : 451 ft
|
Batting: RHB Luis Muńóz
|
0-0: Called Strike 0-1: Called Strike 0-2: Strikes out swinging
|
Batting: RHB Ed Anderson
|
0-0: Ball 1-0: Called Strike 1-1: Swinging Strike 1-2: Strikes out looking
|
Batting: LHB Eric Ward
|
0-0: Foul Ball, location: 2F 0-1: Ball 1-1: SINGLE (Groundball, 13) (infield hit)
|
Batting: RHB Tim Robinson
|
0-0: Foul Ball, location: 2F 0-1: Ball 1-1: Called Strike 1-2: Strikes out swinging
|
Top of the 9th over - 1 run(s), 2 hit(s), 0 error(s), 1 left on base; New Amsterdam 4 - Northern Virginia 0 |
BOTTOM OF THE 9TH |
Northern Virginia Retrievers batting - Pitching for New Amsterdam Republics : RHP Albert Emery
|
Batting: RHB Bob Heller
|
0-0: Ball 1-0: Foul Ball, location: 2F 1-1: Swinging Strike 1-2: Ball 2-2: Foul Ball, location: 2F 2-2: Ball 3-2: Ground out 5-3 (Groundball, 56)
|
Batting: RHB Teruo Nakayama
|
0-0: Called Strike 0-1: Called Strike 0-2: Ball 1-2: Strikes out swinging
|
Batting: LHB Chad Armstrong
|
0-0: Ball 1-0: Ball 2-0: Foul Ball, location: 2F 2-1: Swinging Strike 2-2: Strikes out swinging
|
Bottom of the 9th over - 0 run(s), 0 hit(s), 0 error(s), 0 left on base; New Amsterdam 4 - Northern Virginia 0 |
|